 Dungeon Crawl Stone Soup version 0.27-a0-1347-gd8886f0a89 (webtiles) character file.

Game seed: 7483278279167467312

1822 Brandom the Skirmisher (level 9, -7/79 HPs)
             Began as a Ghoul Wanderer on June 27, 2021.
             Was a Follower of Fedhas.
             Killed by divine providence
             ... invoked by an orc priest
              (15 damage)
             ... on level 6 of the Dungeon.
             The game lasted 00:25:03 (7834 turns).

Brandom the Skirmisher (Ghoul Wanderer)             Turns: 7834, Time: 00:25:03

Health: -7/79      AC:  9    Str: 16    XL:     9   Next: 10%
Magic:  9/9        EV: 11    Int:  9    God:    Fedhas [*.....]
Gold:   264        SH:  0    Dex:  9    Spells: 10/10 levels left

rFire    . . .     SeeInvis .     - Unarmed
rCold    + . .     Faith    .   (no shield)
rNeg     + + +     Spirit   .   l - +0 ring mail
rPois    ∞         Reflect  .   i - +0 helmet
rElec    .         Harm     .   g - +2 cloak
rCorr    .         Rampage  .   (no gloves)
Will     .....                  (no boots)
Stlth    +.........             j - amulet of the acrobat
HPRegen  0.00/turn              (no ring)
MPRegen  0.11/turn              (no ring)

@: slowed, very slow
A: claws 1, cold resistance 1, negative energy resistance 3, inhibited
regeneration, torment resistance 2
a: Renounce Religion


You were on level 6 of the Dungeon.
You worshipped Fedhas.
Fedhas was aware of your devotion.
You visited 1 branch of the dungeon, and saw 6 of its levels.

You collected 264 gold pieces.

Inventory:

Hand Weapons
 a - a +2 hand crossbow
 f - a +0 dagger
Missiles
 b - 28 bolts
 o - 8 javelins
 q - 5 atropa-tipped darts (quivered)
Armour
 c - a +0 robe
 g - a +2 cloak (worn)
   (You found it on level 1 of the Dungeon)
 i - a +0 helmet (worn)
   (You found it on level 5 of the Dungeon)
 l - a +0 ring mail (worn)
   (You found it on level 3 of the Dungeon)
Jewellery
 j - an amulet of the acrobat (around neck)
   (You found it on level 5 of the Dungeon)
 r - a ring of magical power
   (You found it on level 6 of the Dungeon)
Wands
 d - a wand of iceblast (1)
   (You found it on level 5 of the Dungeon)
 t - a wand of flame (16)
   (You took it off Natasha on level 2 of the Dungeon)
Scrolls
 e - a scroll of enchant armour {unknown}
 h - 9 scrolls of identify {unknown}
 m - 3 scrolls of teleportation {unknown}
 n - 2 scrolls of fear {unknown}
 p - a scroll of immolation {unknown}
 s - a scroll of enchant weapon {unknown}


   Skills:
 * Level 7.4 Fighting
 - Level 3.6 Crossbows
 + Level 3.1 Armour
 + Level 4.1 Dodging
 - Level 2.1 Stealth
 * Level 7.4 Unarmed Combat
 - Level 1.0 Spellcasting
 - Level 1.0 Conjurations
 - Level 1.1 Ice Magic


You had 10 spell levels left.
You didn't know any spells.
Your spell library contained the following spells:

 Spells                   Type           Power      Damage    Failure   Level
 Animate Skeleton         Necr           0%         N/A       56%         1
 Pain                     Necr           0%         1d4       56%         1
 Sting                    Tmut/Pois      0%         1d3       56%         1
 Summon Small Mammal      Summ           0%         N/A       56%         1
 Call Imp                 Summ           0%         N/A       71%         2
 Corpse Rot               Necr/Air       N/A        N/A       71%         2
 Mephitic Cloud           Conj/Pois/Air  1%         N/A       88%         3
 Call Canine Familiar     Summ           0%         N/A       90%         3
 Ignite Poison            Fire/Tmut/Pois 0%         N/A       90%         3
 Summon Guardian Golem    Hex/Summ       0%         N/A       90%         3
 Vampiric Draining        Necr           0%         2d6       90%         3
 Summon Ice Beast         Ice/Summ       1%         N/A       99%         4
 Summon Lightning Spire   Summ/Air       0%         N/A       100%        4


Dungeon Overview and Level Annotations

Branches:
Dungeon (6/15)             Temple (0/1) D:5

Altars:
Fedhas
Kikubaaqudgha
Beogh


Innate Abilities, Weirdness & Mutations

You thrive by killing the living.
You are immune to poison.
You have sharp fingernails.
Your flesh is cold resistant. (rC+)
You are immune to negative energy. (rN+++)
You do not regenerate when monsters are visible.
You are immune to unholy pain and torment.


Message History

The adder zombie bites you but does no damage.
The bat zombie hits you. The adder zombie completely misses you.
The orc priest barely misses you. The bat zombie hits you.
The catoblepas zombie closely misses you.
The gnoll zombie hits you but does no damage.
You closely miss the bat zombie.
The bat zombie hits you but does no damage. x2
The adder zombie bites you but does no damage.
The two-headed ogre zombie hits you. x2
The bat zombie hits you but does no damage.
The orc priest casts a cantrip, but nothing happens.
The catoblepas zombie barely misses you.
The gnoll zombie hits you but does no damage.
Unknown command.
Okay, then.
You scratch the bat zombie.
The bat zombie hits you but does no damage.
The bat zombie hits you. x2
The adder zombie bites you but does no damage.
The orc priest hits you but does no damage.
The two-headed ogre zombie closely misses you.
The two-headed ogre zombie barely misses you.
The bat zombie hits you but does no damage.
The gnoll zombie hits you but does no damage.
The catoblepas zombie gores you. The adder zombie closely misses you.
Unknown command.
You closely miss the bat zombie. The bat zombie barely misses you.
The bat zombie hits you but does no damage.
The orc priest casts a cantrip, but nothing happens.
The bat zombie closely misses you. The adder zombie completely misses you.
The two-headed ogre zombie hits you. x2; The gnoll zombie hits you.
The catoblepas zombie gores you!!
* * * LOW HITPOINT WARNING * * *
The orc priest mumbles some strange prayers to Beogh against you.
Beogh smites you!
* * * LOW HITPOINT WARNING * * *
You aren't carrying any potions.
As you read the scroll labelled DISYNI OCAUNUTS, it crumbles to dust.
You hear a loud clanging noise!
It was a scroll of noise.
You hear a shout! x2; You hear an angry hiss.
You hear a shout! x7
The bat zombie barely misses you.
The bat zombie hits you but does no damage.
The bat zombie misses you.
The adder zombie bites you but does no damage.
The bat zombie hits you but does no damage.
The orc priest invokes the aid of Beogh against you.
Beogh smites you!
You die...
Fedhas appreciates your contribution to the ecosystem.

.............#....#
###......##......#
####.#.##.###(.. #
#.#....# #.###
###.### #.##.... ...
....... #.##.#.###.#
?......###.#..#.#
............ZZ#.###..
............Z@oo.....
...........>ZZ#..#...
..............# .#
........####### #
####.##$# #. #.# ..
... .


You could see an orc priest, an orc, a bat zombie, an adder zombie, a catoblepas
zombie, a gnoll zombie and a two-headed ogre zombie.

Vanquished Creatures
  Grinder (D:5)
  Sigmund (D:2)
  Menkaure (D:5)
  3 two-headed ogre zombies
  A two-headed ogre skeleton (D:5)
  Duvessa (D:5)
  A sky beast (D:5)
  An ogre (D:5)
  2 necrophages
  An elf skeleton (D:5)
  A scorpion (D:4)
  Dowan (D:5)
  A cyclops skeleton (D:5)
  3 water moccasin skeletons
  A howler monkey (D:3)
  A centaur zombie (D:5)
  A kobold zombie (D:4)
  2 bullfrog skeletons (D:5)
  Crazy Yiuf (D:2)
  2 hounds
  A centaur skeleton (D:4)
  3 iguanas
  Natasha (thrice) (D:2)
  An orc wizard (D:4)
  A scorpion zombie (D:4)
  2 killer bee zombies (D:4)
  An ogre zombie (D:5)
  A necrophage skeleton (D:6)
  2 hound zombies
  A hound skeleton (D:5)
  An orc zombie (D:4)
  8 adders
  3 gnolls
  2 ufetubi (D:5)
  A gnoll zombie (D:4)
  2 adder zombies
  An elf zombie (D:5)
  5 worms
  A dart slug (D:4)
  6 orcs
  5 ball pythons
  3 endoplasms
  5 giant cockroaches
  6 goblins
  9 hobgoblins
  2 jackals (D:5)
  5 kobolds
  3 quokkas
  7 bats
  2 frilled lizards
  A giant cockroach zombie (D:4)
  A hobgoblin zombie (D:5)
  10 rats
  A rat skeleton (D:5)
133 creatures vanquished.

Notes
Turn   | Place    | Note
-------+----------+-------------------------------------------
     0 | D:1      | Brandom the Ghoul Wanderer began the quest for the Orb.
     0 | D:1      | Brandom set off with the following items: a +2 hand
                  | crossbow, 29 bolts, a +0 robe, a +0 dagger; and the
                  | following spells available to memorise: Sting, Mephitic
                  | Cloud, Ignite Poison
     0 | D:1      | Reached XP level 1. HP: 16/16 MP: 1/1
   111 | D:1      | Reached XP level 2. HP: 7/23 MP: 2/2
   384 | D:1      | Reached skill level 1 in Unarmed Combat
   732 | D:1      | Found a faded altar of an unknown god.
   735 | D:1      | Became a worshipper of Kikubaaqudgha
   735 | D:1      | Reached * piety under Kikubaaqudgha
   735 | D:1      | Received a gift from Kikubaaqudgha
   927 | D:1      | Reached XP level 3. HP: 29/29 MP: 3/3
  1143 | D:2      | Noticed Sigmund
  1308 | D:2      | Reached skill level 1 in Dodging
  1319 | D:2      | Killed Sigmund
  1320 | D:2      | Reached XP level 4. HP: 34/40 MP: 4/4
  1320 | D:2      | Reached XP level 5. HP: 39/46 MP: 5/5
  1334 | D:2      | Noticed Natasha
  1342 | D:2      | Killed Natasha
  1453 | D:2      | Reached XP level 6. HP: 52/52 MP: 6/6
  1456 | D:2      | Noticed Natasha
  1470 | D:2      | Killed Natasha
  1534 | D:2      | Noticed Natasha
  1552 | D:2      | Killed Natasha
  1552 | D:2      | Reached ** piety under Kikubaaqudgha
  1854 | D:2      | Found a runed translucent door.
  1855 | D:2      | Noticed Crazy Yiuf
  1866 | D:2      | Killed Crazy Yiuf
  3083 | D:3      | Reached XP level 7. HP: 53/60 MP: 7/7
  3603 | D:4      | Reached skill level 5 in Fighting
  3603 | D:4      | Reached skill level 1 in Armour
  3670 | D:4      | Found a blossoming altar of Fedhas.
  3673 | D:4      | Fell from the grace of Kikubaaqudgha
  3673 | D:4      | Became a worshipper of Fedhas Madash
  3704 | D:4      | Reached skill level 5 in Unarmed Combat
  4751 | D:5      | Entered Level 5 of the Dungeon
  4846 | D:5      | Noticed Grinder
  5035 | D:5      | Paralysed by Grinder for 3 turns
  5056 | D:5      | Killed Grinder
  5057 | D:5      | Reached XP level 8. HP: 50/70 MP: 8/8
  5314 | D:5      | Noticed Menkaure
  5314 | D:5      | Noticed Duvessa
  5343 | D:5      | Killed Menkaure
  5343 | D:5      | Reached * piety under Fedhas
  5513 | D:5      | Noticed Dowan
  5539 | D:5      | Killed Duvessa
  5545 | D:5      | Killed Dowan
  6300 | D:5      | Found a staircase to the Ecumenical Temple.
  7565 | D:5      | Reached XP level 9. HP: 51/79 MP: 9/9
  7834 | D:6      | Killed from afar by an orc priest

Illustrated notes

Levels and vault maps discovered:
D:1:      dpeg_arrival_stone_temple_mockup, layout_loops_ring,
          hellmonk_ecumenical_altar_defaced_shrine
D:2:      layout_rooms, minmay_tall_x, uniq_natasha, uniq_crazy_yiuf_cottage,
          uniq_sigmund
D:3:      layout_loops_cross
D:4:      layout_gridville, kennysheep_mini
D:5:      layout_loops_ring, minmay_temple_entry_overgrown, uniq_menkaure,
          uniq_duvessa, uniq_grinder
D:6:      layout_rooms, good_gods_mini_temple, nicolae_ru_the_path_less_chosen,
          lemuel_doored_altar

Skill      XL: |  1  2  3  4  5  6  7  8 |
---------------+-------------------------+-----
Unarmed Combat | 1 3 4 5 7 |  7.4
Fighting       | 2 3 4 5 7 |  7.4
Dodging        | 1 2 3 4 |  4.1
Armour         | 2 3 |  3.1
Crossbows      | |  3.6
Stealth        | |  2.1
Spellcasting   | |  1.0
Conjurations   | |  1.0
Ice Magic      | |  1.1

Action                   |  1- 3 |  4- 6 |  7- 9 || total
-------------------------+-------+-------+-------++-------
Melee: Unarmed           |   115 |   123 |   430 ||   668
       Punch             |     1 |     3 |    12 ||    16
 Fire: Hand crossbow     |     5 |    14 |       ||    19
Throw: Dart              |       |       |    14 ||    14
       Javelin           |       |       |     8 ||     8
Evoke: Wand              |       |       |    12 ||    12
  Use: Potion            |       |     4 |     2 ||     6
       Scroll            |       |       |     1 ||     1
 Stab: Sleeping          |     7 |       |       ||     7
       Invisible         |       |       |     2 ||     2
Armor: Robe              |    35 |    16 |       ||    51
       Ring mail         |       |    26 |   196 ||   222
Dodge: Dodged            |    76 |    62 |   217 ||   355

Table legend: (Time is in decaauts)
 A = Elapsed time spent in this place.
 B = Non-inter-level travel time spent in this place.
 C = Inter-level travel time spent in this place.
 D = Time resting spent in this place.
 E = Time spent auto-exploring this place.
 F = Levels seen in this place.
 G = Mean time per level.
                   A        B        C        D        E       F      G
               +--------+--------+--------+--------+--------+-----+--------+
         Total |   7801 |   7650 |    151 |   2232 |   4008 |   6 | 1300.2 |
       Dungeon |   7801 |   7650 |    151 |   2232 |   4008 |   6 | 1300.2 |
               +--------+--------+--------+--------+--------+-----+--------+

Top non-repeatable levels by time:
     D:5: 2369 daAuts
     D:4: 1800 daAuts
     D:3: 1191 daAuts
     D:1: 1165 daAuts
     D:2: 1146 daAuts
     D:6: 128 daAuts
